Map: Proxima Station LE

Players

uThermal - Winner!

  • Race: Terran Terran
  • Spawn Location: 7:00

GAMETIME

  • Race: Zerg Zerg
  • Spawn Location: 1:00

Event: WCS Austin 2017

VOD

Have the link to the VOD?

Description

Time

  • Played on: April 28, 2017, 2:23 p.m.
  • Length: 7:45

All games in this series

Show
View Real Time Build Order
Export as new Build Order

uThermal Terran - Winner!

Build Orders: Hellion Opening, Reaper Expand 

Get SALT Encoding   

  12  0:02  SCV  
  13  0:14  SCV  
  14  0:19  Supply Depot  
  14  0:26  SCV  
  15  0:29  Refinery  
  15  0:40  SCV  
  16  0:45  Barracks  
  16  0:53  SCV  
  17  1:05  SCV  
  18  1:17  SCV  
  19  1:32  Reaper, Orbital Command  
  20  1:44  Command Center  
  20  1:56  Factory  
  20  1:59  SCV  
  21  2:06  Barracks Reactor  
  21  2:11  SCV  
  22  2:16  Refinery  
  22  2:17  Supply Depot  
  22  2:23  SCV  
  23  2:39  SCV  
  24  2:45  Starport  
  24  2:48  Hellion x2  
  24  2:51  SCV  
  29  2:56  Orbital Command  
  29  3:00  Marine  
  29  3:03  SCV  
  31  3:09  Hellion  
  31  3:12  Hellion  
  35  3:15  SCV  
  36  3:23  SCV  
  36  3:26  Viking  
  39  3:27  SCV  
  39  3:29  Barracks Tech Lab  
  39  3:34  Supply Depot  
  40  3:37  SCV  
  40  3:39  SCV  
  44  3:41  Hellion  
  44  3:48  Hellion  
  46  3:55  SCV  
  47  3:56  Supply Depot, SCV  
  48  4:04  Hellion  
  48  4:07  SCV  
  48  4:08  SCV  
  48  4:09  Hellion  
  51  4:19  SCV  
  51  4:23  Command Center  
  52  4:24  SCV  
  52  4:25  Raven  
  52  4:29  Hellion  
  55  4:37  SCV  
  55  4:38  SCV  
  59  4:48  Supply Depot  
  59  4:50  SCV x2  
  61  4:54  Barracks Tech Lab  
  59  5:00  Barracks  
  59  5:02  SCV  
  59  5:03  Barracks  
  59  5:05  Factory Reactor  
  52  5:10  Engineering Bay  
  52  5:12  Refinery, Engineering Bay, SCV  
  52  5:13  Refinery  
  53  5:16  Stimpack  
  53  5:17  Marine  
  53  5:20  SCV  
  55  5:24  Raven, SCV  
  58  5:34  Marine, SCV  
  58  5:35  Orbital Command  
  60  5:37  Missile Turret  
  60  5:40  Missile Turret  
  60  5:46  Missile Turret  
  60  5:49  Missile Turret  
  60  5:50  Factory Reactor, Missile Turret, Marine  
  60  5:52  SCV  
  60  5:54  Marine  
  60  5:55  Marine  
  64  6:05  Marine x2  
  64  6:07  SCV  
  64  6:09  Marine  
  66  6:12  Marine  
  66  6:18  Orbital Command  
  67  6:19  Barracks, SCV  
  67  6:20  SCV  
  67  6:21  Barracks, Marine  
  67  6:23  Marine  
  67  6:25  Marine  
  71  6:27  Widow Mine x2  
  76  6:36  SCV  
  76  6:37  Marine  
  78  6:40  Supply Depot, Marine  
  78  6:42  Marine  
  78  6:43  Supply Depot, Marine  
  78  6:46  Marine  
  80  6:50  Missile Turret, SCV  
  79  6:55  Marine, SCV x2  
  79  6:58  Marine  
  79  6:59  Supply Depot  
  85  7:02  Widow Mine  
  85  7:03  Widow Mine  
  85  7:07  Armory  
  87  7:09  Barracks Reactor  
  87  7:11  Barracks Reactor, Starport Reactor  
  87  7:12  SCV  
  87  7:13  Marine  
  87  7:14  Marine  
  90  7:16  SCV  
  90  7:17  SCV  
  90  7:18  Marine x2  
  95  7:30  Supply Depot, SCV  
Show
View Real Time Build Order
Export as new Build Order

GAMETIME Zerg 

Build Orders: Hatch First 

Get SALT Encoding   

  12  0:00  Drone  
  13  0:08  Drone  
  14  0:16  Overlord  
  14  0:22  Extractor  
  14  0:24  Drone  
  15  0:35  Drone x2  
  17  0:52  Hatchery  
  17  0:55  Drone  
  17  0:59  Drone  
  18  1:09  Extractor  
  17  1:14  Spawning Pool  
  17  1:16  Drone  
  17  1:20  Drone  
  18  1:27  Drone  
  19  1:38  Overlord  
  19  2:00  Queen  
  19  2:01  Zergling x4  
  23  2:03  Queen  
  23  2:04  Drone  
  26  2:09  Metabolic Boost  
  26  2:10  Zergling x2  
  26  2:15  Drone  
  28  2:20  Drone  
  29  2:26  Drone  
  30  2:30  Drone  
  30  2:36  Drone, Queen  
  33  2:44  Overlord  
  33  2:49  Lair  
  33  2:52  Drone  
  33  2:54  Drone  
  33  2:58  Drone  
  36  3:03  Extractor  
  36  3:04  Drone  
  36  3:08  Drone x2  
  36  3:09  Drone  
  36  3:12  Drone  
  40  3:16  Drone x2  
  42  3:20  Overlord  
  42  3:24  Zergling x2  
  42  3:26  Zergling x2  
  44  3:30  Overlord  
  44  3:37  Extractor  
  44  3:39  Drone x3  
  44  3:40  Drone  
  47  3:41  Drone  
  47  3:44  Drone  
  47  3:47  Drone x2  
  51  3:55  Spire  
  51  3:59  Extractor  
  51  4:00  Drone  
  46  4:03  Zergling x2  
  46  4:04  Zergling x2  
  46  4:07  Zergling x2  
  47  4:11  Zergling x2  
  47  4:13  Zergling x2  
  46  4:19  Zergling x4  
  46  4:20  Zergling x4  
  46  4:23  Drone  
  46  4:24  Drone x2  
  49  4:25  Drone  
  46  4:34  Zergling x4  
  47  4:45  Queen, Overlord  
  49  4:48  Overlord  
  48  4:56  Overlord x2  
  47  5:09  Mutalisk x4  
  47  5:13  Mutalisk  
  57  5:16  Mutalisk  
  59  5:25  Drone  
  60  5:29  Zerg Flyer Weapons Level 1  
  60  5:30  Drone  
  61  5:36  Hatchery  
  61  5:39  Drone  
  61  5:41  Drone  
  62  5:48  Drone  
  63  5:53  Drone x2  
  63  5:54  Overlord  
  65  5:57  Queen  
  67  6:06  Zergling x2  
  67  6:07  Zergling x8  
  72  6:17  Overlord  
  72  6:20  Zergling x4, Mutalisk x2  
  72  6:22  Mutalisk  
  80  6:25  Mutalisk  
  80  6:29  Mutalisk  
  84  6:34  Overlord  
  84  6:41  Overlord  
  84  6:44  Mutalisk x2  
  88  6:50  Mutalisk x2  
  92  6:55  Mutalisk x2  
  92  7:00  Zergling x6  
  99  7:04  Zergling x2  
  99  7:05  Zergling x2  
  99  7:07  Mutalisk  
  103  7:12  Zergling x2  
  103  7:15  Mutalisk  
  106  7:16  Overseer  
  106  7:19  Zergling x2  
  105  7:24  Zergling x6  
Tags
 
Add a new tag
Caveats
  • Supply blocks, unpowered buildings, or Contaminate may cause inaccurate times.
  • Supply counts are checked every 10 seconds.